 Dungeon Crawl Stone Soup version 0.29-a0-231-g945431f764 (webtiles) character file.

Game seed: 6262074529753345812

61518 Crownlay the Severer (level 15, 0/126 HPs)
             Began as a Hill Orc Fighter on Feb 28, 2022.
             Was a High Priest of Cheibriados.
             Slain by an orc warrior
             ... wielding a +0 glaive of freezing
             ... led by an orc knight
              (3 damage)
             ... on level 1 of the Orcish Mines.
             The game lasted 01:06:48 (30166 turns).

Crownlay the Severer (Hill Orc Fighter)            Turns: 30166, Time: 01:06:48

Health: 0/126      AC: 10    Str: 37    XL:     15   Next: 3%
Magic:  17/26      EV: 10    Int: 20    God:    Cheibriados [*****.]
Gold:   511        SH:  5    Dex: 24    Spells: 14/14 levels left

rFire   . . .      SeeInvis .   a - +6 war axe (flame)
rCold   . . .      Faith    .   (no shield)
rNeg    . . .      Spirit   .   b - +0 scale mail
rPois   .          Reflect  +   (no helmet)
rElec   .          Harm     .   (no cloak)
rCorr   .          Rampage  .   A - +0 pair of gloves
Will    +++..                   (no boots)
Stlth   +.........              i - amulet of reflection
HPRegen 0.31/turn               H - ring of willpower
MPRegen 0.20/turn               E - ring of willpower

@: very slow
A: agile 1, frail 1, weak 1
a: Renounce Religion, Bend Time, Temporal Distortion, Slouch, Step From Time


You were on level 1 of the Orcish Mines.
You worshipped Cheibriados.
Cheibriados was extremely pleased with you.
You visited 3 branches of the dungeon, and saw 17 of its levels.
You also visited: Sewer and Ossuary.

You collected 1127 gold pieces.
You spent 616 gold pieces at shops.

Inventory:

Hand Weapons
 a - a +6 war axe of flaming (weapon)
 r - the +5 flail of Twilight {venom, rPois Will+ Str+2 Int+4}
   (You found it on level 3 of the Dungeon)

   It poisons the flesh of those it strikes.
   Str:       It affects your strength (+2).
   Int:       It affects your intelligence (+4).
   rPois:     It protects you from poison.
   Will:      It increases your willpower.
 C - a +4 demon trident of venom
 F - a +0 spear
Missiles
 B - 14 curare-tipped darts
 K - a throwing net
 N - 2 javelins
 O - 4 silver boomerangs
 Q - 10 boomerangs (quivered)
Armour
 b - a +0 scale mail (worn)
 c - a +0 buckler
 A - a +0 pair of gloves (worn)
 J - a +2 buckler
Jewellery
 i - an amulet of reflection (around neck)
 m - a ring of fire
 E - a ring of willpower (right hand)
 G - a ring of see invisible
 H - a ring of willpower (left hand)
Wands
 j - a wand of acid (7)
 w - a wand of paralysis (4)
 y - a wand of flame (33)
 I - a wand of iceblast (6)
 P - a wand of mindburst (4)
Scrolls
 e - 5 scrolls of teleportation
 g - 5 scrolls of magic mapping
 h - 2 scrolls of enchant weapon
 n - a scroll of fear
 o - a scroll of enchant armour
 p - 4 scrolls of silence
 s - a scroll of summoning
 v - a scroll of fog
 M - 2 scrolls of holy word
Potions
 d - 5 potions of might
 f - 5 potions of flight
 k - a potion of mutation
 l - 6 potions of lignification
 q - a potion of resistance
 t - 2 potions of degeneration {unknown}
 u - a potion of cancellation {unknown}
 x - 6 potions of ambrosia
 z - 7 potions of attraction
 D - 5 potions of curing
 L - a potion of berserk rage


   Skills:
 - Level 15.0 Fighting
 * Level 17.3 Axes
 + Level 6.5 Throwing
 - Level 10.0 Armour
 - Level 10.0 Shields
 - Level 15.0 Invocations
 + Level 5.9 Evocations


You had 14 spell levels left.
You didn't know any spells.
Your spell library contained the following spells:

 Spells                   Type           Power      Damage    Failure   Level
 Beastly Appendage        Tmut           0%         N/A       30%         1
 Foxfire                  Conj/Fire      0%         2x1d4     30%         1
 Sublimation of Blood     Necr           0%         N/A       43%         2
 Conjure Flame            Conj/Fire      0%         6-21      67%         3
 Ignite Poison            Fire/Tmut/Pois 0%         N/A       67%         3
 Inner Flame              Hex/Fire       0%         N/A       67%         3
 Ozocubu's Armour         Ice            0%         N/A       67%         3
 Portal Projectile        Hex/Tloc       0%         N/A       67%         3
 Flame Wave               Conj/Fire      0%         2d4       97%         4
 Petrify                  Tmut/Erth      0%         N/A       97%         4
 Irradiate                Conj/Tmut      0%         3d14      100%        5
 Dispersal                Tloc           0%         N/A       100%        6
 Statue Form              Tmut/Erth      0%         N/A       100%        6
 Ozocubu's Refrigeration  Ice            0%         4d5       100%        7
 Disjunction              Tloc           0%         N/A       100%        8


Dungeon Overview and Level Annotations

Branches:
Dungeon (10/15)            Temple (0/1) D:7            Lair (6/6) D:8
  Swamp (0/4) Lair:2        Snake (0/4) Lair:4        Slime (0/5) Lair:6
    Orc (1/2) D:9           Sewer (visited)         Ossuary (visited)

Altars:
Cheibriados
Fedhas
Okawaru
Trog
Wu Jian
Yredelemnul
Beogh
Jiyva

Shops:
D:5 *   D:7 *

Annotations:
Lair:6 1 runed translucent door


Innate Abilities, Weirdness & Mutations

You are agile. (Dex +2)
You are frail. (-10% HP)
You are weak. (Str -2)


Message History

Cheibriados appreciates the change of pace.
The orc warrior completely misses you.
An orc warrior comes into view. It is wielding a +0 battleaxe.
The orc hits you with a +0 hand axe! The orc warrior barely misses you.
Throw: 5 javelins
Press: ? - help, Shift-Dir - straight line, f - orc warrior
Aim: an orc warrior, wielding a +0 battleaxe and wearing a +0 plate armour (wandering, hasn't noticed you, 73% to hit)
You throw a javelin.
The javelin barely misses the orc warrior.
The orc shouts!
The javelin pierces through the orc warrior!
The orc warrior is heavily wounded.
You hear a shout! x2
You block the orc's attack. You block the orc warrior's attack.
Throw: 4 javelins
Press: ? - help, Shift-Dir - straight line, f/p - orc warrior
Aim: an orc warrior, wielding a +0 battleaxe and wearing a +0 plate armour (heavily wounded, 73% to hit)
You throw a javelin.
The javelin barely misses the orc warrior.
The javelin pierces through the orc warrior!
The orc warrior is almost dead.
You block the orc's attack.
The orc warrior hits you from afar with a +0 glaive of freezing!!
* * * LOW HITPOINT WARNING * * *
The orc warrior freezes you.
* * * LOW HITPOINT WARNING * * *
Throw: 3 javelins
Press: ? - help, Shift-Dir - straight line, f/p - orc warrior
Aim: an orc warrior, wielding a +0 battleaxe and wearing a +0 plate armour (almost dead, 73% to hit)
You throw a javelin.
The javelin barely misses the orc warrior.
The javelin pierces through the orc warrior!!
You kill the orc warrior!
Cheibriados appreciates the change of pace.
The orc no longer looks unusually strong.
The orc hits you but does no damage.
The orc warrior hits you from afar with a +0 glaive of freezing!!
* * * LOW HITPOINT WARNING * * *
The orc warrior freezes you.
You die...

*,,,,*,,,,,,****,***,,,**
**,,,,,..,,,............# ***
**,,,,,,..#*,,...........####*,*
*,,,,,,,,...,,,.............#,,,
**,,,,,,*###.##*#....>.......#,,,
,*,,,,,,*#...))##............##,,
,,,,**,,*.....).#.......#.....###
,,,**,,,*......)#...##...........
,****,,,,..._..o@.......#..^....#
****,,,,*......)#...............,
* *,,,,,*.....o.#..........>....,
**,,,,*#.....##..........####.#
**,,,*###o##*#.#..........#...
**,,,,))),,...#........####..
****,,,..),,####.......)...##.)
**,**,,,((,o,,,#..........))###)
**,>,,,,,,,,,,,,#......#.).).)))<


You could see an orc warrior (strong) and 2 orcs.

Vanquished Creatures
  Nessos (Lair:4)
  Snorg (Lair:4)
  A fire dragon (Lair:6)
  13 hydras
  A catoblepas (Lair:6)
  6 death yaks
  Urug (Lair:6)
  Sonja (Lair:1)
  A swamp dragon (Lair:6)
  2 lindwurms (Lair:6)
  2 orc knights (Orc:1)
  4 black mambas
  11 elephants
  Joseph (D:9)
  2 kobold demonologists (D:8)
  16 cane toads
  Maggie (D:9)
  8 rime drakes
  15 komodo dragons
  3 polar bears
  Grinder (D:3)
  Prince Ribbit (D:9)
  6 slime creatures (D:7)
  A hornet (D:9)
  2 dream sheep (Lair:6)
  16 blink frogs
  Sigmund (D:3)
  5 wyverns
  50 yaks
  Eustachio (D:6)
  A wraith (D:8)
  9 basilisks
  A steam dragon (Lair:4)
  2 wargs
  3 acid dragons
  26 water moccasins
  An ice beast (D:7)
  16 orc warriors
  A swamp drake (Lair:6)
  2 sky beasts
  7 centaurs
  6 ogres
  26 wolves
  3 phantoms
  13 bullfrogs
  5 kobold brigands
  A gnoll sergeant (D:8)
  A scorpion (D:5)
  3 water moccasin zombies (Ossuary)
  2 gnoll shamans
  3 hounds
  10 orc priests
  12 iguanas
  Ijyb (D:4)
  A merfolk siren (Sewer)
  5 hell rats
  15 orc wizards
  A merfolk avatar (Sewer)
  2 mummies (Ossuary)
  8 adders
  21 gnolls
  5 river rats
  A shadow imp (D:6)
  A white imp (D:6)
  4 ufetubi
  2 adder zombies (Ossuary)
  3 worms
  2 dart slugs
  50 orcs
  6 bats
  6 endoplasms
  9 giant cockroaches
  8 hobgoblins
  4 jackals (D:3)
  5 quokkas
  11 ball pythons
  11 frilled lizards
  3 gnoll zombies (Ossuary)
  14 goblins
  A goblin skeleton (D:5)
  6 hobgoblin zombies (Ossuary)
  A jackal zombie (D:5)
  25 kobolds
  12 kobold zombies (Ossuary)
  4 orc zombies (Ossuary)
  27 rats
  A bush (Lair:4)
605 creatures vanquished.

Vanquished Creatures (collateral kills)
  A hydra (Lair:4)
  A rime drake (Lair:4)
2 creatures vanquished.

Vanquished Creatures (others)
  2 bushes (D:8)
  65 fungi
  92 plants
159 creatures vanquished.

Grand Total: 766 creatures vanquished

Notes
Turn   | Place    | Note
-------+----------+-------------------------------------------
     0 | D:1      | Crownlay the Hill Orc Fighter began the quest for the Orb.
     0 | D:1      | Reached XP level 1. HP: 19/19 MP: 1/1
   137 | D:1      | Reached skill level 3 in Axes
   142 | D:1      | Reached XP level 2. HP: 23/27 MP: 2/2
   225 | D:1      | You fall into a shaft and drop 1 floor!
   249 | D:2      | Reached XP level 3. HP: 29/33 MP: 3/3
   446 | D:2      | Reached skill level 4 in Axes
   446 | D:2      | Reached XP level 4. HP: 36/41 MP: 4/4
  1390 | D:2      | Reached skill level 5 in Fighting
  1390 | D:2      | Reached XP level 5. HP: 30/48 MP: 5/5
  1968 | D:3      | Reached skill level 5 in Axes
  2137 | D:3      | Got the Tome of Changing and Translocation
  2146 | D:3      | Identified the +5 flail of Twilight {venom, rPois Will+
                  | Str+2 Int+4}
  2198 | D:3      | Reached XP level 6. HP: 44/57 MP: 6/6
  2361 | D:3      | Noticed Grinder
  2371 | D:3      | Killed Grinder
  2372 | D:3      | Reached skill level 6 in Axes
  2372 | D:3      | Reached XP level 7. HP: 39/63 MP: 7/7
  2572 | D:3      | Noticed Sigmund
  2577 | D:3      | Killed Sigmund
  2578 | D:3      | Reached skill level 7 in Axes
  2578 | D:3      | Reached skill level 5 in Shields
  3081 | D:4      | Found a sand-covered staircase.
  3091 | Ossuary  | Entered an ossuary
  3129 | Ossuary  | Reached skill level 8 in Axes
  3155 | Ossuary  | Reached XP level 8. HP: 68/71 MP: 8/8
  3483 | D:4      | Noticed Ijyb
  3509 | D:4      | Killed Ijyb
  3538 | D:4      | Found a glowing drain.
  3559 | D:4      | Reached skill level 9 in Axes
  3572 | Sewer    | Entered a sewer
  4365 | D:4      | Found a blossoming altar of Fedhas.
  4573 | D:5      | Entered Level 5 of the Dungeon
  4816 | D:5      | Found Ocsaelat's Specific Store.
  4816 | D:5      | Found Yliluosh's General Store.
  4821 | D:5      | Reached skill level 10 in Axes
  4909 | D:5      | Bought a scroll of identify for 26 gold pieces
  4913 | D:5      | Bought a scroll of identify for 28 gold pieces
  4913 | D:5      | Bought a scroll of blinking for 105 gold pieces
  4986 | D:5      | Found a runed translucent door.
  4988 | D:5      | Found a basalt altar of Yredelemnul.
  5124 | D:5      | Found a snail-covered altar of Cheibriados.
  5170 | D:5      | Became a worshipper of Cheibriados the Contemplative
  5367 | D:6      | Reached skill level 1 in Invocations
  5367 | D:6      | Reached XP level 9. HP: 74/81 MP: 9/9
  5620 | D:6      | Noticed Eustachio
  5629 | D:6      | Killed Eustachio
  5999 | D:6      | Reached skill level 11 in Axes
  6051 | D:6      | Reached * piety under Cheibriados
  6646 | D:7      | HP: 2/82 [centaur/arrow (6)]
  7319 | D:7      | Reached skill level 5 in Invocations
  7457 | D:7      | Found Konom's Assorted Antiques.
  7491 | D:7      | Reached ** piety under Cheibriados
  7498 | D:7      | Found a staircase to the Ecumenical Temple.
  7699 | D:7      | Bought 2 bubbling purple potions for 46 gold pieces
  7699 | D:7      | Bought a scroll labelled GALLETRISHE for 26 gold pieces
  7799 | D:7      | Reached XP level 10. HP: 86/90 MP: 14/14
  8024 | D:7      | HP: 1/90 [very large slime creature (55)]
  8036 | D:7      | Reached skill level 12 in Axes
  8036 | D:7      | Reached skill level 5 in Armour
  8400 | D:7      | HP: 1/91 [slime creature (15)]
  9437 | D:8      | Found an iron altar of Okawaru.
  9463 | D:8      | Found a staircase to the Lair.
  9632 | D:8      | Found an ornate altar of the Wu Jian Council.
  9836 | D:8      | Reached *** piety under Cheibriados
 10448 | D:8      | Reached skill level 13 in Axes
 10670 | D:8      | Found a bloodstained altar of Trog.
 11202 | D:9      | Noticed Prince Ribbit
 11208 | D:9      | Killed Prince Ribbit
 11209 | D:9      | Reached XP level 11. HP: 94/99 MP: 17/17
 11924 | D:8      | Reached skill level 10 in Fighting
 12086 | D:9      | Reached **** piety under Cheibriados
 12092 | D:9      | Found a staircase to the Orcish Mines.
 12468 | D:9      | Noticed Maggie
 12481 | D:9      | Killed Maggie
 12746 | D:9      | Noticed Joseph
 12752 | D:9      | Killed Joseph
 13027 | Lair:1   | Entered Level 1 of the Lair of Beasts
 13065 | Lair:1   | Noticed Sonja
 13068 | Lair:1   | Killed Sonja
 13069 | Lair:1   | Reached skill level 1 in Throwing
 13189 | Lair:1   | Reached skill level 14 in Axes
 13305 | Lair:1   | Reached skill level 10 in Invocations
 13457 | Lair:1   | Reached ***** piety under Cheibriados
 13613 | Lair:1   | Noticed a five-headed hydra
 13621 | Lair:1   | Killed a five-headed hydra
 13634 | Lair:1   | Reached XP level 12. HP: 103/108 MP: 19/19
 14956 | Lair:2   | Reached skill level 15 in Axes
 15176 | Lair:2   | Noticed a seven-headed hydra
 15178 | Lair:2   | Found a staircase to the Swamp.
 16192 | Lair:2   | Killed a seven-headed hydra
 16193 | Lair:2   | Reached skill level 10 in Shields
 19575 | Lair:4   | Found a staircase to the Snake Pit.
 20214 | D:5      | Bought a scroll of blinking for 105 gold pieces
 20214 | D:5      | Bought a scroll of brand weapon for 280 gold pieces
 20654 | Lair:4   | Reached skill level 5 in Throwing
 20654 | Lair:4   | Reached XP level 13. HP: 118/118 MP: 21/21
 20695 | Lair:4   | Noticed Nessos
 20703 | Lair:4   | Killed Nessos
 21310 | Lair:4   | You fall into a shaft and drop 1 floor!
 21434 | Lair:5   | Reached skill level 10 in Armour
 22162 | Lair:5   | Reached skill level 1 in Evocations
 22449 | Lair:4   | HP: 4/119 [six-headed hydra (9)]
 23113 | Lair:4   | Reached ****** piety under Cheibriados
 23857 | Lair:4   | Noticed Snorg
 23866 | Lair:4   | Killed Snorg
 24886 | Lair:6   | Entered Level 6 of the Lair of Beasts
 24893 | Lair:5   | Reached XP level 14. HP: 117/130 MP: 24/24
 25033 | Lair:6   | Identified the +6 leather armour "Xosy" {rPois Str+3}
 25037 | Lair:6   | Noticed Urug
 25044 | Lair:6   | Killed Urug
 25702 | Lair:6   | Found a runed translucent door.
 25708 | Lair:6   | Found a viscous altar of Jiyva.
 25708 | Lair:6   | Noticed an azure jelly
 25709 | Lair:6   | Found a staircase to the Slime Pits.
 25811 | Lair:6   | Reached skill level 15 in Invocations
 26273 | Lair:6   | Reached skill level 16 in Axes
 27057 | Lair:6   | Reached skill level 15 in Fighting
 27501 | Lair:6   | Reached skill level 5 in Evocations
 28884 | Lair:6   | Gained mutation: You are agile. (Dex +2) [potion of
                  | mutation]
 28884 | Lair:6   | Gained mutation: You are frail. (-10% HP) [potion of
                  | mutation]
 28884 | Lair:6   | Gained mutation: You are weak. (Str -2) [potion of
                  | mutation]
 29300 | Lair:6   | Reached skill level 17 in Axes
 30043 | D:10     | Entered Level 10 of the Dungeon
 30094 | Orc:1    | Entered Level 1 of the Orcish Mines
 30148 | Orc:1    | Found a roughly hewn altar of Beogh.
 30157 | Orc:1    | Reached XP level 15. HP: 51/126 MP: 20/26
 30166 | Orc:1    | HP: 3/126 [orc warrior/+0 glaive of freezing[an orc knight]
                  | (19)]
 30166 | Orc:1    | Slain by an orc warrior

Illustrated notes

Levels and vault maps discovered:
D:1:      erik_arrival_orb_chamber, layout_basic
D:2:      kennysheep_six_static_rooms, layout_basic
D:3:      layout_basic, minmay_randomly_rotated_circles, uniq_grinder,
          uniq_sigmund
D:4:      layout_cave_pools, fedhas_altar_1, nicolae_ossuary_entry_plus,
          portal_sewer_entry_c, serial_glass, glass_columns_b, glass_columns_c,
          glass_columns_b, glass_columns_a, glass_columns_a, uniq_ijyb
D:5:      layout_cave_pools, lemuel_round_altar, dk_yredelemnul_ordeal,
          nicolae_specific_store, nicolae_figureground_pulse
D:6:      layout_loops_ring, minmay_misc_feat_encased, minmay_misc_feat_tiny,
          minmay_misc_feat_columns, item_on_display_a, uniq_eustachio
D:7:      layout_rooms, minmay_temple_entry_statues_fountains, serial_shops,
          nicolae_shop_waterfront
D:8:      layout_loops_ring, kennysheep_okawaru_gauntlet,
          nicolae_overflow_squiral, minmay_lair_entry_grove
D:9:      layout_irregular_city, erik_orc_4, hangedman_decor_slide_cut,
          uniq_prince_ribbit1, uniq_maggie, uniq_joseph
D:10:     layout_irregular_city, nicolae_ashenzari_skybound,
          nicolae_qazlal_style_of_elements, mainiacjoe_overflow_swirl
Lair:1:   layout_roguey, uniq_sonja
Lair:2:   layout_gridlike, minmay_swamp_entry_reptiles
Lair:3:   layout_roguey, serial_bayou_shore_b
Lair:4:   nzn_winding_woodlands_three_and_one [nzn_winding_woodlands_5x15_pool,
          nzn_winding_woodlands_5x15_longhouse, nzn_winding_woodlands_5x15_eye,
          nzn_winding_woodlands_center_garden], layout_gridlike,
          grunt_forest_stairs_basic, uniq_nessos, uniq_snorg
Lair:5:   layout_misc_corridors
Lair:6:   guppyfry_lair_end_dragon, layout_cave_pods, slime_altar_2,
          minivault_26, minmay_shattered_shrine, uniq_urug
Orc:1:    layout_diamond_mine, nicolae_volcano_entry_two_sided,
          portal_ice_cave_rime, mines1_david

Skill      XL: |  1  2  3  4  5  6  7  8  9 10 11 12 13 14 |
---------------+-------------------------------------------+-----
Axes           | 3 4 5 6 8 10 11 13 14 15 17 | 17.3
Fighting       | 4 5 6 8 9 10 12 13 15 | 15.0
Shields        | 4 5 6 7 8 9 10 | 10.0
Invocations    | 1 5 8 10 11 14 15 | 15.0
Armour         | 4 6 7 9 10 | 10.0
Throwing       | 2 5 6 |  6.5
Evocations     | 3 5 |  5.9

Action                   |  1- 3 |  4- 6 |  7- 9 | 10-12 | 13-15 || total
-------------------------+-------+-------+-------+-------+-------++-------
Melee: War axe           |    50 |   127 |       |   160 |   511 ||   848
       Flail             |       |    16 |   435 |   476 |       ||   927
       Spear             |       |       |       |     7 |       ||     7
Throw: Throwing net      |       |       |     4 |       |       ||     4
       Dart              |       |       |       |     1 |       ||     1
       Boomerang         |       |       |       |       |    22 ||    22
       Javelin           |       |       |       |       |    10 ||    10
Invok: Bend Time         |       |       |       |     3 |       ||     3
       Slouch            |       |       |       |     1 |    11 ||    12
       Step From Time    |       |       |       |     1 |       ||     1
Evoke: Wand              |       |       |       |     8 |     4 ||    12
  Use: Scroll            |       |       |    12 |    12 |    14 ||    38
       Potion            |       |       |       |       |     7 ||     7
 Stab: Held in net/web   |       |       |     2 |       |       ||     2
Armor: Scale mail        |    28 |    55 |   124 |   170 |   134 ||   511
       Skin              |       |       |       |       |     4 ||     4
Dodge: Dodged            |    30 |    64 |   156 |   231 |   140 ||   621
Block: Buckler           |    12 |    28 |   231 |   443 |   285 ||   999
       Reflection        |       |       |    15 |     8 |     3 ||    26
       Other             |       |       |       |       |    10 ||    10

Table legend: (Time is in decaauts)
 A = Elapsed time spent in this place.
 B = Non-inter-level travel time spent in this place.
 C = Inter-level travel time spent in this place.
 D = Time resting spent in this place.
 E = Time spent auto-exploring this place.
 F = Levels seen in this place.
 G = Mean time per level.
                   A        B        C        D        E       F      G
               +--------+--------+--------+--------+--------+-----+--------+
         Total |  37347 |  34955 |   2392 |   6114 |  18365 |  19 | 1965.6 |
       Dungeon |  15499 |  13950 |   1549 |   1072 |   8616 |  10 | 1549.9 |
          Lair |  20754 |  19912 |    842 |   5042 |   9083 |   6 | 3459.0 |
  Orcish Mines |     84 |     84 |      0 |      0 |      0 |   1 |   84.0 |
         Sewer |    746 |    746 |      0 |      0 |    534 |   1 |  746.0 |
       Ossuary |    261 |    261 |      0 |      0 |    131 |   1 |  261.0 |
               +--------+--------+--------+--------+--------+-----+--------+

Top non-repeatable levels by time:
  Lair:6: 5819 daAuts
  Lair:3: 4431 daAuts
     D:8: 3547 daAuts
  Lair:4: 3354 daAuts
     D:7: 2796 daAuts
  Lair:1: 2539 daAuts
  Lair:2: 2332 daAuts
  Lair:5: 2276 daAuts
     D:9: 2091 daAuts
     D:6: 1880 daAuts
     D:2: 1322 daAuts
     D:5: 1216 daAuts
     D:3: 1132 daAuts
     D:1: 753 daAuts
   Sewer: 746 daAuts
